 Dungeon Crawl Stone Soup version 0.30-a0-1163-gf69bf04e7a (webtiles) character file.

Game seed: 1980890851986290920

389 Arzdou the Digger (level 6, -1/33 HPs)
             Began as a Deep Elf Earth Elementalist on Apr 28, 2023.
             Was an Initiate of Okawaru.
             Killed from afar by an orc wizard (5 damage)
             ... with a puff of flame
             ... on level 5 of the Dungeon.
             The game lasted 00:08:57 (3600 turns).

Arzdou the Digger (Deep Elf Earth Elementalist)     Turns: 3600, Time: 00:08:57

Health: -1/33      AC:  5    Str:  5    XL:     6   Next: 50%
Magic:  12/14      EV: 12    Int: 22    God:    Okawaru [......]
Gold:   59         SH:  0    Dex: 15    Spells: 9/13 levels left

rFire   . . .        B - +8 shortbow "Hagur" {elec, rC- rN++}
rCold   + . .        (shield currently unavailable)
rNeg    + + .        j - +2 leather armour {rC+}
rPois   .            (no helmet)
rElec   .            (no cloak)
rCorr   .            (no gloves)
SInv    .            (no boots)
Will    .....        (no amulet)
Stlth   ++           k - ring of protection from cold
HPRegen 0.25/turn    (no ring)
MPRegen 0.14/turn

%: no passive effects
@: about to teleport
A: no striking features
a: Renounce Religion


You were on level 5 of the Dungeon.
You worshipped Okawaru.
Okawaru was noncommittal.
You visited 2 branches of the dungeon, and saw 6 of its levels.

You collected 211 gold pieces.
You spent 152 gold pieces at shops.

Inventory:

Hand Weapons
 v - a +0 dagger
 x - a +2 sling of electrocution
 B - the +8 shortbow "Hagur" (weapon) {elec, rC- rN++}
   (You bought it in a shop on level 1 of the Dungeon)

   rC:        It makes you vulnerable to cold.
   rN:        It greatly protects you from negative energy.
Armour
 a - a +0 robe
 j - a +2 leather armour of cold resistance (worn)
Jewellery
 k - a ring of protection from cold (left hand)
 F - a ring of see invisible
Wands
 n - a wand of charming (10)
 y - a wand of digging (6)
 D - a wand of iceblast (6)
Scrolls
 c - 3 scrolls of silence {unknown}
 f - a scroll of torment {unknown}
 g - 3 scrolls of enchant armour {unknown}
 h - 3 scrolls of fear {unknown}
 i - 3 scrolls of immolation {unknown}
 p - a scroll of vulnerability {unknown}
 r - 4 scrolls of teleportation
 s - a scroll of butterflies {unknown}
 A - 2 scrolls of identify {unknown}
 C - 2 scrolls of poison {unknown}
Potions
 b - a potion of magic
 d - a potion of cancellation {unknown}
 e - 2 potions of mutation {unknown}
 l - a potion of haste {unknown}
 m - 2 potions of curing {unknown}
 o - 3 potions of invisibility {unknown}
 q - a potion of attraction {unknown}
 t - a potion of might {unknown}
 u - 2 potions of brilliance {unknown}
 w - 4 potions of lignification {unknown}
 z - 3 potions of berserk rage {unknown}
 E - a potion of heal wounds {unknown}


   Skills:
 + Level 0.4 Fighting
 * Level 4.3 Ranged Weapons
 + Level 0.8 Armour
 * Level 3.6 Dodging
 + Level 2.6 Stealth
 + Level 4.2 Spellcasting
 * Level 1.9 Conjurations
 + Level 1.1 Transmutations
 + Level 5.2 Earth Magic


You had 9 spell levels left.
You knew the following spells:

 Your Spells              Type           Power      Damage    Failure   Level
a - Sandblast             Erth           54%        2d13      1%          1
b - Stone Arrow           Conj/Erth      40%        3d9       12%         3

Your spell library contained the following spells:

 Spells                   Type           Power      Damage    Failure   Level
 Passwall                 Tmut/Erth      15%        N/A       8%          2
 Petrify                  Tmut/Erth      18%        N/A       43%         4
 Anguish                  Hex/Necr       2%         N/A       87%         4
 Enfeeble                 Hex            2%         N/A       100%        7


Dungeon Overview and Level Annotations

Branches:
Dungeon (5/15)             Temple (1/1) D:4

Altars:
Ashenzari
Cheibriados
Dithmenos
Elyvilon
Gozag
Hepliaklqana
Makhleb
Okawaru
Qazlal
Sif Muna
Trog
Wu Jian
Xom
Yredelemnul
The Shining One

Shops:
D:1 (=(!?


Message History

You feel less confused. The orc wizard closely misses you.
The orc hits you with a +0 hand axe.
The orc wizard hits you but does no damage.
The orc attacks as you move away! The orc hits you but does no damage.
The orc wizard mumbles some strange words.
The orc wizard flickers and vanishes!
Deactivating autopickup; reactivate with Ctrl-A.
The blast of sand hits the orc.
The orc is almost dead.
The orc barely misses you.
The orc priest calls upon Beogh to heal the orc.
The orc hits you with a +0 hand axe.
You are too injured to fight recklessly!
You are too injured to fight recklessly!
Aiming: Sandblast (safe; 1% risk of failure)
Press: ? - help, Q - select action, (/) - cycle Shift-Dir - straight line, f/p - orc
Aim: an orc, wielding a +0 hand axe (almost dead, 83% to hit)
The blast of sand misses the orc.
The orc hits you with a +0 hand axe.
Unknown command.
Casting: Sandblast (safe; 1% risk of failure)
Confirm with . or Enter, or press ? or * to list all spells.
Aiming: Sandblast (safe; 1% risk of failure)
Press: ? - help, Shift-Dir - straight line, f/p - orc
Aim: an orc, wielding a +0 hand axe (almost dead, 83% to hit)
The blast of sand hits the orc!!
You kill the orc!
Okawaru accepts your kill. Something hits you.
As you read the scroll labelled SAIPPI WIMOTTIF, it crumbles to dust.
You feel strangely unstable.
It was a scroll of teleportation.
Something hits you.
* * * LOW HITPOINT WARNING * * *
Something hits you but does no damage. Something hits you.
* * * LOW HITPOINT WARNING * * *
You hear some strange, mumbled words.
A puff of flame appears from out of thin air!
The puff of flame hits you.
You die...

... # #o# #)
#.## #.###.#
#)#.## #o##
#{# ####.###
#....@.#
#.##.#.#
#.##.#.#
#.##.#.#
#.##.#.###...
#...........#
####.######..
#.# ##.######


You could see an orc priest.

Vanquished Creatures
  2 scorpions
  A hound (D:4)
  2 orc priests
  A sleepcap (D:4)
  An orc wizard (D:5)
  3 adders
  6 dart slugs
  7 orcs
  10 endoplasms
  A giant cockroach (D:4)
  6 goblins
  9 hobgoblins
  4 jackals
  4 kobolds
  4 quokkas
  8 ball pythons
  6 bats
  4 frilled lizards
  4 rats
83 creatures vanquished.

Notes
Turn   | Place    | Note
-------+----------+-------------------------------------------
     0 | D:1      | Arzdou the Deep Elf Earth Elementalist began the quest for
                  | the Orb.
     0 | D:1      | Reached XP level 1. HP: 10/10 MP: 6/6
   111 | D:1      | Found Nox Lexa's Antique Weapon Shop.
   164 | D:1      | Reached XP level 2. HP: 10/15 MP: 5/8
   256 | D:1      | Found Cunamaim's Antique Weapon Shop.
   307 | D:1      | Reached skill level 4 in Earth Magic
   523 | D:1      | You fall into a shaft and drop 1 floor!
   584 | D:3      | Reached XP level 3. HP: 14/19 MP: 2/9
   963 | D:1      | Found Vuit's Distillery.
   977 | D:1      | Found Syxzuics's Magic Scroll Emporium.
  1138 | D:1      | Found Ydo Day's Jewellery Emporium.
  1242 | D:1      | Learned a level 3 spell: Stone Arrow
  1267 | D:2      | Found a burning altar of Makhleb.
  1399 | D:2      | Reached XP level 4. HP: 24/24 MP: 9/11
  1766 | D:3      | Reached skill level 5 in Earth Magic
  1831 | D:3      | Reached skill level 1 in Conjurations
  2223 | D:3      | Found an iron altar of Okawaru.
  2408 | D:1      | Bought an ancient shortbow for 152 gold pieces
  2408 | D:1      | Identified the +8 shortbow "Hagur" {elec, rC- rN++} (You
                  | bought it in a shop on level 1 of the Dungeon)
  2569 | D:4      | Found a staircase to the Ecumenical Temple.
  2610 | Temple   | Entered the Ecumenical Temple
  2881 | D:3      | Became a worshipper of Warmaster Okawaru
  2906 | D:4      | Reached skill level 1 in Ranged Weapons
  2906 | D:4      | Reached XP level 5. HP: 28/28 MP: 13/13
  3125 | D:4      | Found a white marble altar of Elyvilon.
  3128 | D:4      | Found an opulent altar of Gozag.
  3138 | D:4      | Found a shimmering blue altar of Sif Muna.
  3141 | D:4      | Found a broken altar of Ashenzari.
  3292 | D:4      | Reached XP level 6. HP: 32/32 MP: 14/14
  3435 | D:5      | Entered Level 5 of the Dungeon
  3600 | D:5      | Killed from afar by an orc wizard

Illustrated notes

Levels and vault maps discovered:
D:1:      dpeg_arrival_oval, layout_loops_ring, serial_shops, shop,
          nicolae_shop_advertising_works [nicolae_subvault_shop_adworks],
          nicolae_shop_stone, shop_statue, shop
D:2:      layout_rooms, basic_altar, minmay_misc_feat_roman
D:3:      layout_loops_cross, mainiacjoe_overflow_alcove_1
D:4:      layout_gridville, grunt_temple_overflow_cloverleaf,
          minmay_temple_entry_trees
D:5:      kennysheep_steamy, layout_loops_cross, serial_shops,
          nicolae_shop_tiny_real_fake_doors, chequers_serial_rivers_large_b,
          minmay_pentangle
Temple:   nicolae_temple_bog_church

Skill      XL: |  1  2  3  4  5  6 |
---------------+-------------------+-----
Earth Magic    | 4 5 |  5.2
Conjurations   | 1 |  1.9
Spellcasting   | 4 |  4.2
Dodging        | 3 |  3.6
Ranged Weapons | 1 3 4 |  4.3
Fighting       | |  0.4
Armour         | |  0.8
Stealth        | |  2.6
Transmutations | |  1.1

Action                     |  1- 3 |  4- 6 || total
---------------------------+-------+-------++-------
   Fire: Sling             |       |    20 ||    20
         Shortbow          |       |    34 ||    34
   Cast: Sandblast         |    58 |    15 ||    73
    Use: Scroll            |       |     1 ||     1
 Armour: Leather armour    |     5 |    10 ||    15
  Dodge: Dodged            |     5 |    13 ||    18

Table legend: (Time is in decaauts)
 A = Elapsed time spent in this place.
 B = Non-inter-level travel time spent in this place.
 C = Inter-level travel time spent in this place.
 D = Time resting spent in this place.
 E = Time spent auto-exploring this place.
 F = Levels seen in this place.
 G = Mean time per level.
                   A        B        C        D        E       F      G
               +--------+--------+--------+--------+--------+-----+--------+
         Total |   3669 |   3234 |    435 |      0 |   2758 |   6 |  611.5 |
       Dungeon |   3465 |   3057 |    408 |      0 |   2589 |   5 |  693.0 |
        Temple |    204 |    177 |     27 |      0 |    169 |   1 |  204.0 |
               +--------+--------+--------+--------+--------+-----+--------+

Top non-repeatable levels by time:
     D:1: 1043 daAuts
     D:3: 837 daAuts
     D:4: 713 daAuts
     D:2: 702 daAuts
  Temple: 204 daAuts
     D:5: 169 daAuts
